 Dungeon Crawl Stone Soup version 0.31.0-12-g77e489cdc1 (webtiles) character file.

Game seed: 12242417084936285158

98 hawla the Trooper (level 4, 0/42 HPs)
             Began as a Minotaur Fighter on Feb 18, 2024.
             Frozen to death by an endoplasm (4 damage)
             ... on level 3 of the Dungeon.
             The game lasted 00:03:14 (1903 turns).

hawla the Trooper (Minotaur Fighter)                Turns: 1903, Time: 00:03:15

Health: 0/42       AC:  6    Str: 20    XL:     4   Next: 44%
Magic:  12/12      EV:  9    Int:  5    God:
Gold:   129        SH:  5    Dex: 12    Spells: 3/3 levels left

rFire   . . .        a - +0 long sword
rCold   . . .        c - +0 buckler
rNeg    . . .        b - +0 scale mail
rPois   .            (helmet restricted)
rElec   .            (no cloak)
rCorr   .            (no gloves)
SInv    .            (no boots)
Will    .....        g - amulet of magic regeneration Stlth
                     h - ring of magical power
HPRegen 0.27/turn    (no ring)
MPRegen 0.53/turn

%: no passive effects
@: silenced
A: horns 2, retaliatory headbutt
a: no special abilities


You were on level 3 of the Dungeon.
You visited 1 branch of the dungeon, and saw 3 of its levels.

You collected 129 gold pieces.

Inventory:

Hand Weapons
 a - a +0 long sword (weapon)
Armour
 b - a +0 scale mail (worn)
 c - a +0 buckler (worn)
Jewellery
 g - an amulet of magic regeneration (around neck)
 h - a ring of magical power (left hand)
Wands
 k - a wand of roots (8)
Potions
 d - a potion of might
 f - a potion of invisibility {unknown}
 i - 2 potions of magic {unknown}
 l - a potion of heal wounds {unknown}
 n - a potion of attraction {unknown}


   Skills:
 + Level 5.4 Fighting
 - Level 2.4 Long Blades
 - Level 3.6 Armour
 - Level 5.0 Shields


You had 3 spell levels left.
You didn't know any spells.
Your spell library was empty.

Dungeon Overview and Level Annotations

Branches:
Dungeon (3/15)

Altars:

Annotations:
D:3 1 transporter, Grinder, Pargi


Innate Abilities, Weirdness & Mutations

You have a pair of horns on your head.
You reflexively headbutt those who attack you in melee.


Message History

An endoplasm is nearby!
Pargi the Meek comes into view.
Things that are here:
10 gold pieces; a +0 club; a giant cockroach corpse Pargi shouts!
Grinder blinks!
You slash Grinder! You headbutt Grinder.
Grinder is moderately wounded.
Grinder hits you but does no damage. x2
The endoplasm hits you but does no damage.
You barely miss Grinder.
Grinder is moderately wounded.
The endoplasm hits you but does no damage.
Grinder barely misses you.
You completely miss Grinder. Your headbutt misses Grinder.
Grinder is moderately wounded.
The endoplasm freezes you.
You are frozen.
Grinder hits you!
You writhe in agony.
You barely miss Grinder.
Grinder is moderately wounded.
The endoplasm freezes you.
You are frozen.
Grinder hits you.
You writhe in agony.
Pargi bites you. Pargi claws you but does no damage. Pargi claws you.
Pargi barely misses you. x2
Pargi closely misses you. Grinder closely misses you.
The endoplasm hits you but does no damage.
You closely miss Grinder. You headbutt Grinder!
Grinder is moderately wounded.
The endoplasm freezes you.
You are frozen.
Grinder hits you.
* * * LOW HITPOINT WARNING * * *
You writhe in agony.
* * * LOW HITPOINT WARNING * * *
Pargi bites you.
* * * LOW HITPOINT WARNING * * *
Pargi barely misses you. x2
As you read the scroll of silence, it crumbles to dust.
A profound silence engulfs you. The endoplasm freezes you.
You are frozen.
You die...

#............
............#
............#
........)...##
.............
...........###. .
..............JT......
. ...... #@.$.....
.###...# ###5####...
......# ###...#
#.....######...###
...............#
...............#
...............#
..................
...............###


You could see Grinder (unsilenced), Pargi and an endoplasm (unsilenced).

Vanquished Creatures
  2 adders (D:2)
  2 dart slugs (D:2)
  2 ribbon worms
  3 orcs (D:2)
  4 ball pythons
  4 endoplasms
  5 giant cockroaches
  8 goblins
  3 hobgoblins
  3 kobolds
  5 quokkas
  6 bats
  5 frilled lizards
  13 rats
65 creatures vanquished.

Notes
Turn   | Place    | Note
-------+----------+-------------------------------------------
     0 | D:1      | hawla the Minotaur Fighter began the quest for the Orb.
     0 | D:1      | Reached XP level 1. HP: 19/19 MP: 0/0
   148 | D:1      | Reached XP level 2. HP: 23/26 MP: 1/1
   359 | D:1      | Reached skill level 5 in Shields
   507 | D:1      | Reached XP level 3. HP: 24/33 MP: 2/2
  1163 | D:2      | Reached XP level 4. HP: 39/41 MP: 3/3
  1182 | D:2      | Reached skill level 5 in Fighting
  1813 | D:3      | Found a transporter.
  1889 | D:3      | Noticed Grinder
  1896 | D:3      | Noticed Pargi
  1903 | D:3      | Frozen to death by an endoplasm

Illustrated notes

Levels and vault maps discovered:
D:1:      dpeg_arrival_brainrot, layout_basic
D:2:      layout_loops_corners, minmay_ruptured
D:3:      gammafunk_wand_slinger, layout_rooms,
          mainiacjoe_overflow_catwalk_spiral, uniq_terence, uniq_jessica,
          uniq_pargi, uniq_grinder

Skill      XL: |  1  2  3  4 |
---------------+-------------+-----
Shields        | 4 5 |  5.0
Fighting       | 4 5 |  5.4
Long Blades    | |  2.4
Armour         | |  3.6

Action                     |  1- 3 |  4- 6 || total
---------------------------+-------+-------++-------
  Melee: Long sword        |    90 |    38 ||   128
         Headbutt          |     8 |     7 ||    15
    Use: Scroll            |     2 |     3 ||     5
   Stab: Distracted        |     1 |       ||     1
 Armour: Scale mail        |    64 |    29 ||    93
  Dodge: Dodged            |    41 |    24 ||    65
  Block: Buckler           |    23 |     7 ||    30
